 Dungeon Crawl Stone Soup version 0.22-a0-3-g4fa69d9 (webtiles) character file.

119436 shenanigans the Fighter (level 16, -13/104 HPs)
             Began as a Barachi Skald on Jan 1, 2018.
             Was an Elder of Makhleb.
             Mangled by a kraken (15 damage)
             ... on level 3 of the Shoals.
             The game lasted 02:41:29 (44989 turns).

shenanigans the Fighter (Barachi Skald)            Turns: 44989, Time: 02:41:29

Health: -13/104    AC: 33    Str: 15    XL:     16   Next: 79%
Magic:  27/27      EV:  7    Int: 19    God:    Makhleb [****..]
Gold:   1027       SH: 19    Dex: 11    Spells: 15/30 levels left

rFire    . . .     SeeInvis +   P - +4 hand axe "Vuset" {freeze, Int+2 SInv}
rCold    . . .     Gourm    .   x - +0 large shield
rNeg     . . .     Faith    .   r - +6 plate armour of the Six Nights {rPois}
rPois    +         Spirit   .   j - +0 helmet
rElec    .         Reflect  +   o - +2 cloak
rCorr    +         Harm     .   w - +1 pair of gloves
MR       +....     Rnd*Tele +   c - +2 pair of boots
Stlth    ..........             T - +2 amulet of reflection
HPRegen  0.27/turn              Y - ring of resist corrosion
MPRegen  0.20/turn              Z - ring "Pocamoto" {Slay+2 SInv}

@: can't hop, slow
A: +LOS, swims, [dopey 1], frail 1[+1], slowness 1, [teleportitis 2], strong
legs 2
a: Hop, Minor Destruction, Lesser Servant of Makhleb, Major Destruction,
Renounce Religion


You were on level 3 of the Shoals.
You worshipped Makhleb.
Makhleb was greatly pleased with you.
You were not hungry.

You visited 5 branches of the dungeon, and saw 28 of its levels.
You visited the Abyss 3 times.
You also visited: Ice Cave.

You collected 2761 gold pieces.
You spent 1734 gold pieces at shops.

Inventory:

Hand Weapons
 a - a +0 war axe
 h - the +7 long sword "Gyni" {venom, MP+9}
   (You found it on level 14 of the Dungeon)

   It poisons the flesh of those it strikes.
   It affects your magic capacity (+9).
 t - the +0 war axe of Slow Death {elec, +Rage MR+ Str-3}
   (You found it on level 5 of the Lair of Beasts)

   Occasionally, upon striking a foe, it will discharge some electrical energy
   and cause terrible harm.
   It affects your strength (-3).
   It affects your resistance to hostile enchantments.
   It lets you go berserk.
 O - a +0 scimitar of flaming
 P - the +4 hand axe "Vuset" (weapon) {freeze, Int+2 SInv}
   (You found it in an ice cave)

   It has been specially enchanted to freeze those struck by it, causing extra
   injury to most foes and up to half again as much damage against particularly
   susceptible opponents.
   It can also slow down cold-blooded creatures.
   It affects your intelligence (+2).
   It lets you see invisible.
Missiles
 X - 8 javelins (quivered)
Armour
 c - a +2 pair of boots (worn)
 j - a +0 helmet (worn)
 o - a +2 cloak (worn)
 q - +0 fire dragon scales
 r - the +6 plate armour of the Six Nights (worn) {rPois}
   (You bought it in a shop on level 14 of the Dungeon)

   It protects you from poison.
 w - a +1 pair of gloves (worn)
 x - a +0 large shield (worn)
 H - a +0 plate armour
 M - the +2 chain mail of Naguagax {rC+ rN++}
   (You found it on level 11 of the Dungeon)

   It protects you from cold.
   It greatly protects you from negative energy.
Jewellery
 g - an uncursed amulet of regeneration
 D - an uncursed ring of flight
 T - a +2 amulet of reflection (around neck)
 V - an uncursed ring of see invisible
 Y - a ring of resist corrosion (left hand)
 Z - the ring "Pocamoto" (right hand) {Slay+2 SInv}
   (You found it on level 3 of the Shoals)

   [ring of see invisible]

   It affects your accuracy and damage with ranged weapons and melee attacks
   (+2).
   It lets you see invisible.
Wands
 i - a wand of disintegration (14)
 F - a wand of acid (21)
 L - a wand of random effects (41)
 R - a wand of polymorph (16)
Scrolls
 e - 3 scrolls of enchant weapon
 l - 7 scrolls of remove curse
 n - 6 scrolls of fog
 y - 3 scrolls of magic mapping
 A - a scroll of amnesia
 G - 7 scrolls of enchant armour
 S - 3 scrolls of identify
Potions
 b - 3 potions of flight
 k - 2 potions of mutation
 m - 3 potions of lignification
 p - 2 potions of magic
 z - 6 potions of brilliance
 B - 2 potions of curing
 I - 3 potions of ambrosia
 J - 3 potions of cancellation
 Q - a potion of agility
 U - a potion of resistance
Books
 s - a book of Clouds

   Spells                             Type                      Level
   a - Poisonous Vapours              Poison/Air                   2
   b - Mephitic Cloud                 Conjuration/Poison/Air       3
   c - Conjure Flame                  Conjuration/Fire             3
   d - Freezing Cloud                 Conjuration/Ice/Air          6
   e - Ring of Flames                 Charms/Fire                  7
 v - a book of Changes

   Spells                             Type                      Level
   a - Beastly Appendage              Transmutation                1
   b - Sticks to Snakes               Transmutation                2
   c - Spider Form                    Transmutation/Poison         3
   d - Ice Form                       Ice/Transmutation            4
   e - Blade Hands                    Transmutation                5
 C - a book of Maledictions

   Spells                             Type                      Level
   a - Corona                         Hexes                        1
   b - Ensorcelled Hibernation        Hexes/Ice                    2
   c - Confuse                        Hexes                        3
   d - Tukima's Dance                 Hexes                        3
   e - Dazzling Spray                 Conjuration/Hexes            3
 N - a book of Conjurations

   Spells                             Type                      Level
   a - Magic Dart                     Conjuration                  1
   b - Searing Ray                    Conjuration                  2
   c - Dazzling Spray                 Conjuration/Hexes            3
   d - Fulminant Prism                Conjuration/Hexes            4
   e - Force Lance                    Conjuration/Translocation    4
   f - Iskenderun's Mystic Blast      Conjuration                  4
Comestibles
 d - 30 rations


   Skills:
 - Level 13.1 Fighting
 - Level 13.1 Axes
 - Level 13.1 Armour
 - Level 13.1 Dodging
 - Level 13.1 Shields
 + Level 7.6 Spellcasting
 + Level 7.4 Conjurations
 - Level 3.2 Charms
 + Level 7.4 Fire Magic
 + Level 8.1 Ice Magic
 - Level 5.6 Invocations


You had 15 spell levels left.
You knew the following spells:

 Your Spells              Type           Power        Failure   Level  Hunger
a - Infusion              Chrm           ###.         97%         1    None
b - Song of Slaying       Chrm           ###.....     99%         2    None
c - Swiftness             Chrm/Air       ##......     100%        2    None
d - Ignite Poison         Fire/Tmut/Pois ###.....     100%        3    #......
e - Ice Form              Ice/Tmut       ###.....     100%        4    ###....
f - Stone Arrow           Conj/Erth      ###...       100%        3    #......


Dungeon Overview and Level Annotations

Branches:
Dungeon (15/15)            Temple (1/1) D:5            Lair (6/6) D:9
 Shoals (4/4) Lair:4       Spider (0/4) Lair:2        Slime (0/5) Lair:5
    Orc (2/2) D:10            Elf (0/3) Orc:2        Vaults (0/5) D:13
 Depths (0/5) D:15

Altars:
Ashenzari
Cheibriados
Dithmenos
Elyvilon
Fedhas
Gozag
Hepliaklqana
Kikubaaqudgha
Makhleb
Nemelex Xobeh
Okawaru
Qazlal
Ru
Sif Muna
Trog
Uskayaw
Vehumet
Wu Jian
Xom
Yredelemnul
Zin
The Shining One
Beogh

Shops:
D:6 %   D:14 [   D:15 *   Orc:2 =(*%

Annotations:
D:4 ziggurnaut's ghost, amateur BaFi
Lair:4 puissantveil's ghost, journeyman MfTm
Lair:5 exclusion: 4 oklob plants
Shoals:4 Ilsuiw


Innate Abilities, Weirdness & Mutations

Shadows flee at your approach. (+LOS)
You can swim through water.
You cover ground slowly.
You can hop long distances.
[You are dopey. (Int -2)]
[You are very frail. (-20% HP)]
[You are sometimes teleported next to monsters.]


Message History

Okay, then.
You slash the kraken!
The kraken seems to slow down.
You freeze the kraken.
The kraken is lightly wounded.
Your plate armour of the Six Nights prevents you from hitting the tentacle.
You hit the tentacle. You freeze the tentacle.
You block the tentacle's attack. x2
The tentacle slaps you but does no damage.
The tentacle barely misses you.
You hit the kraken but do no damage.
The kraken is lightly wounded.
You hit the tentacle. You freeze the tentacle.
You completely miss the tentacle. You block the kraken's attack.
The tentacle slaps you!
* * * LOW HITPOINT WARNING * * *
You block the tentacle's attack.
You hit the kraken but do no damage.
The kraken is lightly wounded.
You slash the tentacle! You freeze the tentacle. You hit the tentacle.
You freeze the tentacle. You block the tentacle's attack. x2
The kraken bites you!
You die...

....≈≈≈≈≈≈≈≈≈≈≈≈≈#
≈...≈≈≈≈≈≈≈≈≈≈≈≈≈#
≈≈≈≈≈≈≈≈≈≈≈≈≈≈≈≈≈#
≈≈≈≈≈≈≈≈≈≈≈≈≈≈≈≈≈#
≈≈≈≈≈≈≈≈≈≈≈≈≈≈≈≈≈#
≈≈≈≈≈≈≈≈≈≈≈≈≈≈≈≈≈#
≈≈≈≈≈≈≈≈≈≈≈≈≈≈≈≈≈#
≈≈≈≈≈≈≈≈≈≈≈≈≈≈≈wX#
≈≈≈≈≈≈≈≈≈≈≈≈≈≈≈w@#
≈≈≈≈≈≈≈≈≈≈≈≈≈≈≈w≈#
≈≈≈≈≈≈≈≈≈≈≈≈≈≈≈≈≈#
≈≈≈≈≈≈≈≈≈≈≈≈≈≈≈≈≈#
≈≈≈≈≈≈≈≈≈≈≈≈≈≈≈≈≈#
≈≈≈≈≈≈≈≈≈≈≈≈≈≈≈≈≈#
≈≈≈≈≈≈≈≈≈≈≈≈≈≈≈≈≈#
##################


You could see a kraken and 3 tentacles.

Vanquished Creatures
  2 merfolk impalers (Shoals:4)
  A fire dragon (D:15)
  2 ice dragons (D:15)
  4 hydras
  Harold (Lair:1)
  A catoblepas (Shoals:1)
  A centaur warrior (D:15)
  Erica (D:11)
  3 merfolk aquamancers
  4 merfolk avatars
  A satyr (Shoals:3)
  3 two-headed ogres
  A vampire mage (Abyss:3)
  8 death yaks
  2 orc high priests
  A wretched star (Abyss:3)
  Urug (D:14)
  A deep elf knight (D:15)
  5 skeletal warriors (D:13)
  2 unseen horrors (D:15)
  2 wizards
  10 sea snakes
  Pikel (D:8)
  3 harpies (Shoals:1)
  2 cyclopes (D:12)
  A necromancer (Lair:6)
  An orc sorcerer (Orc:1)
  A deep elf mage (D:14)
  3 orc knights (Orc:2)
  A faun (Shoals:2)
  6 ugly things
  8 manticores
  4 merfolk sirens
  A worldbinder (Abyss:3)
  5 elephants (Lair:6)
  An ice statue (IceCv)
  2 water nymphs
  Psyche (D:8)
  A centaur zombie (D:15)
  3 black mambas
  2 smoke demons (Abyss:3)
  11 spiny frogs
  2 kobold demonologists (D:14)
  4 rime drakes
  2 freezing wraiths
  6 komodo dragons
  4 large abominations (Abyss:3)
  21 polar bears
  3 meliai (D:15)
  3 hornets (Lair:6)
  21 merfolk
  Prince Ribbit (Lair:1)
  A queen bee (Lair:2)
  2 jumping spiders (Lair:2)
  5 trolls
  9 blink frogs
  13 hippogriffs
  5 dream sheep
  8 snapping turtles
  A small abomination (Abyss:3)
  A centaur simulacrum (D:15)
  2 redbacks (Lair:2)
  10 water elementals
  10 spriggans (Lair:6)
  A wraith (D:15)
  20 yaks
  A shadow (D:11)
  5 basilisks
  6 wyverns
  A chaos spawn (Abyss:3)
  4 vampire mosquitoes (D:15)
  A hungry ghost (D:9)
  Edmund (D:6)
  2 soldier ants (D:9)
  14 water moccasins
  3 porcupines
  3 hell hounds (Abyss:3)
  2 sky beasts
  13 orc warriors
  2 ice beasts (D:10)
  A black bear (shapeshifter) (D:15)
  3 black bears
  2 phantoms
  2 eyes of draining (D:15)
  57 wolves
  3 boggarts (Lair:6)
  3 centaurs
  13 crocodiles
  9 ogres
  4 big kobolds
  12 bullfrogs
  A scorpion (D:4)
  32 killer bees
  An electric eel (Lair:1)
  13 wights
  A bullfrog zombie (D:12)
  8 crimson imps
  6 hounds
  10 jellies
  6 bullfrog skeletons
  9 orc priests
  6 centaur skeletons
  An iguana (D:8)
  Jessica (D:2)
  13 orc wizards
  Terence (D:2)
  Natasha (thrice) (D:3)
  8 hell rats
  10 worker ants
  4 polar bear simulacra (Lair:6)
  A wolf simulacrum (Lair:6)
  2 yak simulacra (Lair:6)
  2 hound zombies
  Robin (D:5)
  7 gnolls
  14 adders
  A river rat (Lair:1)
  A shadow imp (D:12)
  An ufetubus (Abyss:3)
  4 oozes
  An adder skeleton (D:6)
  3 dart slugs
  4 leopard geckos
  57 orcs
  A ball python (D:1)
  4 giant cockroaches
  16 goblins
  6 hobgoblins
  7 jackals
  15 kobolds
  3 quokkas
  6 bats
  8 frilled lizards
  A jackal skeleton (D:7)
  A quokka zombie (D:5)
  9 rats
  A tentacle (Shoals:3)
748 creatures vanquished.

Vanquished Creatures (collateral kills)
  Polyphemus (Shoals:2)
  Louise (Shoals:3)
  Snorg (D:11)
  2 fire dragons
  An orc high priest (Orc:2)
  2 sea snakes (Shoals:4)
  Nergalle (Lair:3)
  An orc knight (Orc:1)
  A harpy (Shoals:4)
  3 orc sorcerers (Orc:2)
  A cyclops (Shoals:2)
  6 fauns
  A manticore (Shoals:2)
  2 merfolk sirens (Shoals:4)
  A spiny frog (Lair:2)
  A troll (D:9)
  2 jumping spiders (Lair:2)
  A hornet (D:9)
  A dream sheep (Shoals:2)
  A hippogriff (D:10)
  2 redbacks (Lair:2)
  A water elemental (Shoals:3)
  A wyvern (D:15)
  6 yaks
  A soldier ant (D:10)
  A water moccasin (D:8)
  2 orc warriors
  An ice beast (D:9)
  3 centaurs
  A wyvern skeleton (D:9)
  10 killer bees (D:10)
  A jelly (D:9)
  3 orc priests (D:10)
  A bullfrog skeleton (D:9)
  A hound (D:10)
  An orc wizard (D:9)
  A polar bear simulacrum (Lair:6)
  2 yak simulacra (Lair:6)
  15 orcs
  A river rat simulacrum (Lair:6)
86 creatures vanquished.

Vanquished Creatures (others)
  2 merfolk javelineers (Shoals:4)
  A merfolk aquamancer (Shoals:4)
  A centaur warrior (Shoals:1)
  2 satyrs
  A faun (Shoals:2)
  A snapping turtle (Shoals:4)
  2 slaves (D:8)
  7 centaurs (Shoals:1)
  An orc priest (Orc:2)
  A worker ant (D:8)
  An ufetubus (Abyss:3)
  13 fungi
  A lurking horror (Abyss:3)
  15 plants
  23 tentacles (Shoals:3)
72 creatures vanquished.

Grand Total: 906 creatures vanquished

Notes
Turn   | Place    | Note
-------+----------+-------------------------------------------
     0 | D:1      | shenanigans the Barachi Skald began the quest for the Orb.
     0 | D:1      | Reached XP level 1. HP: 17/17 MP: 3/3
   511 | D:1      | Reached XP level 2. HP: 18/23 MP: 5/5
  1019 | D:2      | Noticed Jessica
  1032 | D:1      | Reached XP level 3. HP: 24/28 MP: 6/6
  1088 | D:2      | Killed Jessica
  1228 | D:1      | Reached XP level 4. HP: 34/35 MP: 7/7
  1236 | D:2      | Noticed Terence
  1248 | D:2      | Killed Terence
  1527 | D:2      | Reached XP level 5. HP: 38/41 MP: 1/8
  2567 | D:2      | Found an ornate altar of the Wu Jian Council.
  2583 | D:2      | Found a burning altar of Makhleb.
  2587 | D:2      | Found a deep blue altar of Sif Muna.
  2642 | D:2      | Became a worshipper of Makhleb the Destroyer
  2943 | D:3      | Found a hazy altar of Hepliaklqana.
  3064 | D:3      | Noticed Natasha
  3090 | D:3      | Killed Natasha
  3376 | D:3      | Reached skill level 1 in Invocations
  3376 | D:3      | Reached XP level 6. HP: 47/48 MP: 9/9
  3475 | D:3      | Noticed Natasha
  3489 | D:3      | Killed Natasha
  3553 | D:3      | Found a hide-covered altar of Uskayaw.
  3554 | D:3      | Found a blossoming altar of Fedhas.
  3554 | D:3      | Found a white marble altar of Elyvilon.
  3559 | D:3      | Found a radiant altar of Vehumet.
  3560 | D:3      | Found a shattered altar of Ashenzari.
  3573 | D:3      | Noticed Natasha
  3582 | D:3      | Killed Natasha
  3856 | D:3      | Found a sacrificial altar of Ru.
  3865 | D:3      | Learned a level 2 spell: Song of Slaying
  4217 | D:4      | Reached * piety under Makhleb
  4267 | D:4      | Reached XP level 7. HP: 55/55 MP: 10/10
  4403 | D:4      | Found a sparkling altar of Nemelex Xobeh.
  4628 | D:4      | Noticed ziggurnaut's ghost (amateur BaFi)
  4891 | D:5      | Entered Level 5 of the Dungeon
  4964 | D:5      | Noticed Robin
  4980 | D:5      | Killed Robin
  5252 | D:5      | Found a staircase to the Ecumenical Temple.
  5284 | Temple   | Entered the Ecumenical Temple
  5899 | D:5      | Reached skill level 5 in Fighting
  6041 | D:5      | Reached ** piety under Makhleb
  6041 | D:5      | Reached XP level 8. HP: 62/62 MP: 11/11
  6879 | D:5      | Reached skill level 5 in Axes
  6879 | D:5      | Reached skill level 5 in Dodging
  7005 | D:6      | Reached skill level 5 in Armour
  7197 | D:6      | Noticed Edmund
  7227 | D:6      | Killed Edmund
  7374 | D:6      | Found Uttuxt's Food Boutique.
  8070 | D:7      | Reached skill level 5 in Invocations
  8070 | D:7      | Reached XP level 9. HP: 58/69 MP: 12/12
  8354 | D:7      | Found a shattered altar of Ashenzari.
  8481 | D:7      | Reached *** piety under Makhleb
  9464 | D:8      | Got a dazzling trident
  9467 | D:8      | Noticed Pikel
  9486 | D:7      | Identified the +9 trident of the Slime-mould {vamp, Fragile rC++} (You found it on level 8 of the Dungeon)
  9506 | D:8      | Killed Pikel
  9726 | D:8      | Noticed Psyche
  9738 | D:8      | Killed Psyche
  9738 | D:8      | Reached XP level 10. HP: 63/80 MP: 14/14
 10218 | D:9      | Found a bloodstained altar of Trog.
 10290 | D:9      | Found a staircase to the Lair.
 10387 | D:9      | Paralysed by a hornet for 3 turns
 10545 | D:9      | Found a sparkling altar of Nemelex Xobeh.
 10984 | D:10     | Entered Level 10 of the Dungeon
 11800 | D:10     | Reached XP level 11. HP: 25/89 MP: 15/15
 12189 | D:10     | Found a staircase to the Orcish Mines.
 12190 | D:10     | Found a roughly hewn altar of Beogh.
 12869 | D:11     | Noticed Snorg
 12876 | D:11     | Killed Snorg
 12876 | D:11     | Reached skill level 1 in Shields
 13171 | D:11     | Noticed Erica
 13200 | D:11     | Killed Erica
 13415 | D:11     | Noticed a two-headed ogre
 13424 | D:11     | Killed a two-headed ogre
 13565 | D:11     | Got a faintly glowing chain mail
 13576 | D:11     | Identified the +2 chain mail of Naguagax {rC+ rN++} (You found it on level 11 of the Dungeon)
 13719 | Orc:1    | Entered Level 1 of the Orcish Mines
 13812 | Orc:1    | Reached skill level 10 in Fighting
 13885 | Orc:2    | Entered Level 2 of the Orcish Mines
 13895 | Orc:2    | Found a roughly hewn altar of Beogh.
 14063 | Orc:1    | Noticed an orc sorcerer
 14063 | Orc:1    | Paralysed by an orc sorcerer for 5 turns
 14066 | Orc:1    | Noticed a soul eater
 14078 | Orc:1    | Killed an orc sorcerer
 14577 | Orc:2    | Noticed an orc knight
 15256 | Orc:2    | Killed an orc knight
 15621 | Orc:2    | Reached skill level 10 in Armour
 15653 | Orc:2    | Noticed an orc high priest
 15653 | Orc:2    | Noticed an orc sorcerer
 15653 | Orc:2    | Noticed an orc sorcerer
 15653 | Orc:2    | Noticed an orc high priest
 15656 | Orc:2    | Paralysed by an orc sorcerer for 5 turns
 16125 | Lair:1   | Entered Level 1 of the Lair of Beasts
 16140 | Lair:1   | Noticed Harold
 16152 | Lair:1   | Killed Harold
 16227 | Lair:1   | Reached skill level 5 in Shields
 16417 | Lair:1   | Reached XP level 12. HP: 96/98 MP: 16/16
 17246 | Lair:2   | Reached skill level 10 in Axes
 17346 | Lair:1   | Reached skill level 10 in Dodging
 17848 | Lair:2   | Found a hole to the Spider Nest.
 18333 | Lair:2   | Noticed Prince Ribbit
 18541 | Lair:1   | Reached **** piety under Makhleb
 18700 | Lair:1   | Killed Prince Ribbit
 20079 | Lair:3   | Learned a level 2 spell: Swiftness
 20243 | Lair:3   | Gained mutation: You can hop long distances. [Barachi growth]
 20243 | Lair:3   | Reached XP level 13. HP: 88/106 MP: 17/17
 20510 | Lair:3   | Noticed Nergalle
 20519 | Lair:3   | Killed Nergalle
 21393 | Lair:4   | Noticed puissantveil's ghost (journeyman MfTm)
 22791 | Lair:4   | Found a staircase to the Shoals.
 24611 | Lair:5   | Found a staircase to the Slime Pits.
 24865 | Lair:5   | Found the +6 shillelagh "Devastator" {shatter}
 25242 | Lair:4   | Reached skill level 10 in Shields
 25967 | Lair:5   | Got a blackened war axe
 26013 | Lair:5   | Identified the +0 war axe of Slow Death {elec, +Rage MR+ Str-3} (You found it on level 5 of the Lair of Beasts)
 26459 | Lair:6   | Entered Level 6 of the Lair of Beasts
 26463 | Lair:6   | Found a frozen archway.
 26484 | IceCv    | Entered an ice cave
 26850 | IceCv    | Reached ***** piety under Makhleb
 26881 | IceCv    | Reached XP level 14. HP: 111/116 MP: 18/18
 27259 | IceCv    | Noticed a frost giant
 28318 | IceCv    | Got an ancient hand axe
 29778 | Lair:6   | Paralysed by a hornet for 2 turns
 31563 | Orc:2    | Found a staircase to the Elven Halls.
 32102 | Orc:2    | Paralysed by an orc sorcerer for 5 turns
 32323 | Orc:2    | Found Kymoasagg's Food Boutique.
 32323 | Orc:2    | Found Jocwor's General Store.
 32325 | Orc:2    | Found Zosing's Antique Weapon Boutique.
 32325 | Orc:2    | Found Bynum's Jewellery Shoppe.
 32339 | Orc:2    | Bought a scroll of identify for 28 gold pieces
 32339 | Orc:2    | Bought a scroll of summoning for 133 gold pieces
 32343 | Orc:2    | Bought a +2 amulet of reflection for 90 gold pieces
 32345 | Orc:2    | Bought an uncursed ring of see invisible for 180 gold pieces
 32345 | Orc:2    | Bought an uncursed ring of resist corrosion for 240 gold pieces
 32362 | Orc:2    | Learned a level 3 spell: Ignite Poison
 32367 | Orc:2    | Learned a level 4 spell: Ice Form
 32371 | Orc:2    | Learned a level 3 spell: Stone Arrow
 32378 | Orc:2    | Identified the +4 hand axe "Vuset" {freeze, Int+2 SInv} (You found it in an ice cave)
 33054 | D:12     | Reached skill level 1 in Fire Magic
 33054 | D:12     | Reached skill level 1 in Ice Magic
 33062 | D:12     | Reached skill level 1 in Conjurations
 33411 | D:13     | Found a gate to the Vaults.
 33432 | D:13     | You fall through a shaft!
 33594 | D:13     | Reached XP level 15. HP: 123/123 MP: 20/20
 34370 | D:14     | Got a jewelled long sword
 34439 | D:14     | Found Icuirak's Armour Emporium.
 35039 | D:14     | Bought the +6 plate armour of the Six Nights {rPois} for 1027 gold pieces
 35279 | D:15     | Entered Level 15 of the Dungeon
 35299 | D:14     | Paralysed by a wizard for 3 turns
 35324 | D:15     | Noticed Urug
 35365 | D:14     | Killed Urug
 35450 | D:15     | Found Zuijog's General Store.
 35456 | D:15     | Bought a scroll of identify for 36 gold pieces
 36584 | D:15     | Found a staircase to the Depths.
 37003 | Shoals:1 | Entered Level 1 of the Shoals
 37218 | Shoals:1 | Reached skill level 5 in Spellcasting
 38169 | Shoals:2 | Noticed Polyphemus
 38725 | Shoals:1 | Reached skill level 5 in Ice Magic
 39289 | Shoals:2 | Killed Polyphemus
 39423 | Shoals:2 | Reached XP level 16. HP: 130/130 MP: 24/24
 39446 | Shoals:2 | Reached skill level 5 in Conjurations
 39567 | Shoals:2 | Reached skill level 5 in Fire Magic
 40641 | Shoals:3 | Got a glittering steel ring
 40674 | Shoals:3 | Identified the ring "Pocamoto" {Slay+2 SInv} (You found it on level 3 of the Shoals)
 40675 | Shoals:3 | Identified the +7 long sword "Gyni" {venom, MP+9} (You found it on level 14 of the Dungeon)
 40712 | Shoals:3 | Noticed a kraken
 41722 | Shoals:3 | Noticed Louise
 41757 | Shoals:3 | Killed Louise
 42212 | Shoals:4 | Entered Level 4 of the Shoals
 42380 | Shoals:4 | Noticed Ilsuiw
 43390 | Shoals:3 | Cast into level 3 of the Abyss (merfolk impaler)
 43419 | Abyss:3  | Gained mutation: [You are frail. (-10% HP)] [a neqoxec]
 43429 | Shoals:3 | Escaped the Abyss
 43958 | Shoals:3 | Cast into level 3 of the Abyss (merfolk impaler)
 43979 | Shoals:3 | Escaped the Abyss
 44007 | Shoals:3 | Cast into level 3 of the Abyss (merfolk impaler)
 44007 | Abyss:3  | Found a corrupted altar of Lugonu.
 44086 | Abyss:3  | Found a corrupted altar of Lugonu.
 44389 | Abyss:3  | Noticed a hellephant
 44932 | Shoals:3 | Escaped the Abyss
 44988 | Shoals:3 | HP: 2/104 [tentacle[a kraken] (10)]
 44989 | Shoals:3 | Mangled by a kraken

Vault maps used:
D:1:      dpeg_arrival_short_road, minmay_surrounded
D:2:      minmay_overflow_temple_star_quad, first_ration, uniq_terence,
          uniq_jessica
D:3:      marbit_many_paths, minitemple, old_standard_altar, uniq_natasha
D:4:      nemelex_xobeh_ov_fountains_minmay, uniq_robin
D:5:      minmay_temple_entry_grid
D:6:      serial_shops, nicolae_shop_behind_doors, uniq_edmund
D:7:      ashenzari_altar_1
D:8:      uniq_psyche, uniq_pikel
D:9:      lemuel_coloured_pillars_altar, lair_entry_dummy,
          hangedman_pestilent_swarm, nemelex_dance_club_becter
D:10:     david_orc_5
D:11:     uniq_snorg, uniq_erica
D:14:     kennysheep_boxes, serial_shops, nicolae_shop_stone
D:15:     grunt_enter_depths_hoard, serial_shops, nicolae_shop_trees,
          st_stairs_7, hangedman_decor_opposing, sword_in_stone
Temple:   jpeg_temple_alley_garden
Lair:1:   serial_bayou_pond_b, eino_small_chamber_without_monster, uniq_harold
Lair:2:   regret_index_bee_streams, nicolae_spider_entry_tight_spaces,
          serial_bayou_shore_a, uniq_prince_ribbit2
Lair:3:   serial_bayou_lagoon_b, uniq_nergalle
Lair:4:   minmay_shoals_entry_hut, lemuel_fruit_fields
Lair:5:   nicolae_slime_entry_slimehenge, cheibrodos_lair_reptile_den,
          minmay_lair_oklob_chamber
Lair:6:   minmay_lair_end_enchanted_forest, portal_ice_cave_rime,
          eino_house_with_fridge, infiniplex_staircase_pool_2
Shoals:1: centaur_isle
Shoals:2: uniq_polyphemus
Shoals:3: uniq_louise
Shoals:4: shoals_end_simple, shoals_ilsuiw_alternative,
          nicolae_shoals_wave_tunnel
Orc:1:    lightli_bailey_entry_fortress, serial_shops, shop, uniq_erolcha
Orc:2:    grunt_orc_tribal_feast, basic_altar
Abyss:3:  dshaligram_kb_abyss_rune_zappy_water_cross,
          nicolae_abyss_rune_left_handed, evilmike_abyss_exit_glass
IceCv:    ice_cave_caverns_01

Skill      XL: |  1  2  3  4  5  6  7  8  9 10 11 12 13 14 15 16 |
---------------+-------------------------------------------------+-----
Armour         | 2 3 4 5 7 9 10 11 12 13 | 13.1
Fighting       | 3 4 5 6 7 9 10 11 12 13 | 13.1
Dodging        | 3 4 5 7 8 9 10 11 12 13 | 13.1
Axes           | 3 4 5 7 8 9 10 11 12 13 | 13.1
Invocations    | 1 2 3 5 |  5.6
Shields        | 5 8 10 12 13 | 13.1
Spellcasting   | 3 5 7 |  7.6
Fire Magic     | 1 4 7 |  7.4
Ice Magic      | 1 5 8 |  8.1
Conjurations   | 1 4 7 |  7.4
Charms         | |  3.2

Action                   |  1- 3 |  4- 6 |  7- 9 | 10-12 | 13-15 | 16-18 || total
-------------------------+-------+-------+-------+-------+-------+-------++-------
Melee: Hand axe          |    94 |    69 |       |       |       |   240 ||   403
       Short sword       |    24 |       |       |       |       |       ||    24
       Dagger            |       |   119 |   468 |       |       |       ||   587
       War axe           |       |    12 |    88 |       |       |       ||   100
       Trident           |       |       |    40 |   873 |  2655 |   630 ||  4198
Throw: Javelin           |       |     1 |    24 |    38 |    18 |       ||    81
 Cast: Infusion          |     2 |     6 |       |       |       |       ||     8
       Swiftness         |       |       |       |     1 |       |       ||     1
Invok: Lesser Servant of |       |       |     1 |    29 |    21 |    15 ||    66
 Abil: Hop               |       |     2 |     2 |    13 |    12 |     7 ||    36
Evoke: Wand              |       |     2 |     9 |    27 |     4 |       ||    42
  Use: Scroll            |       |     3 |     4 |    11 |    23 |    10 ||    51
       Potion            |       |       |     1 |     8 |     3 |     4 ||    16
 Stab: Paralysed         |       |       |       |     4 |       |       ||     4
       Distracted        |       |       |       |       |     4 |     1 ||     5
       Petrified         |       |       |       |       |     1 |       ||     1
  Eat: Chunk             |     1 |    11 |    19 |    26 |    30 |    10 ||    97
       Ration            |       |       |     2 |     4 |    12 |     3 ||    21
Armor: Scale mail        |    50 |    45 |       |       |       |       ||    95
       Chain mail        |       |    68 |    92 |   481 |   978 |       ||  1619
       Plate armour      |       |       |   369 |   285 |   573 |   410 ||  1637
       Skin              |       |       |       |    10 |       |     9 ||    19
Dodge: Dodged            |    89 |    91 |   192 |   510 |   985 |   179 ||  2046
Block: Buckler           |       |       |       |   182 |     5 |       ||   187
       Shield            |       |       |       |       |  1787 |   254 ||  2041
       Reflection        |       |       |       |       |    41 |    61 ||   102
       Large shield      |       |       |       |       |       |   476 ||   476

Table legend:
 A = Spawn XP
 B = Non-spawn XP
 C = Spawn XP percentage of total XP
 D = Spawn monster count
 E = Non-spawn monster count
 F = Spawn count percentage of total count
 G = Total turns spent on level
                    A         B        C        D         E        F      G
               +---------+---------+-------+---------+---------+-------+---------
         Total |    6299 |  164324 |   3.7 |      17 |     832 |   2.0 | 44989
               +---------+---------+-------+---------+---------+-------+---------
           D:1 |       0 |      76 |   0.0 |       0 |      27 |   0.0 |  1311
           D:2 |       0 |     171 |   0.0 |       0 |      23 |   0.0 |  1382
           D:3 |       0 |     198 |   0.0 |       0 |      20 |   0.0 |  1205
           D:4 |       0 |     404 |   0.0 |       0 |      28 |   0.0 |   993
           D:5 |       0 |     624 |   0.0 |       0 |      26 |   0.0 |  1756
           D:6 |       0 |     858 |   0.0 |       0 |      18 |   0.0 |  1069
           D:7 |       0 |     918 |   0.0 |       0 |      27 |   0.0 |  1342
           D:8 |       0 |    1781 |   0.0 |       0 |      13 |   0.0 |   639
           D:9 |       0 |    2348 |   0.0 |       0 |      33 |   0.0 |  1232
          D:10 |       0 |    2888 |   0.0 |       0 |      59 |   0.0 |  1966
          D:11 |       0 |    3329 |   0.0 |       0 |      10 |   0.0 |   913
          D:12 |       0 |    5175 |   0.0 |       0 |      32 |   0.0 |   732
          D:13 |       0 |    4493 |   0.0 |       0 |       7 |   0.0 |  1227
          D:14 |       0 |    5344 |   0.0 |       0 |      14 |   0.0 |   788
          D:15 |       0 |   14372 |   0.0 |       0 |      40 |   0.0 |  1391
        Lair:1 |       0 |    6964 |   0.0 |       0 |      39 |   0.0 |  1537
        Lair:2 |       0 |    8566 |   0.0 |       0 |      58 |   0.0 |  2485
        Lair:3 |       0 |    5410 |   0.0 |       0 |      12 |   0.0 |  3046
        Lair:4 |       0 |    7365 |   0.0 |       0 |      40 |   0.0 |  2307
        Lair:5 |       0 |    3387 |   0.0 |       0 |      18 |   0.0 |  1142
        Lair:6 |       0 |   15363 |   0.0 |       0 |      68 |   0.0 |  2321
      Shoals:1 |       0 |   14743 |   0.0 |       0 |      34 |   0.0 |  2113
      Shoals:2 |       0 |   10217 |   0.0 |       0 |      21 |   0.0 |  1797
      Shoals:3 |       0 |   12815 |   0.0 |       0 |      27 |   0.0 |  2125
      Shoals:4 |       0 |   16338 |   0.0 |       0 |      34 |   0.0 |   966
         Orc:1 |       0 |    1672 |   0.0 |       0 |      12 |   0.0 |  1608
         Orc:2 |       0 |    6138 |   0.0 |       0 |      38 |   0.0 |  2542
       Abyss:3 |    6299 |       0 | 100.0 |      17 |       0 | 100.0 |   985
         IceCv |       0 |   12367 |   0.0 |       0 |      54 |   0.0 |  1846
               +---------+---------+-------+---------+---------+-------+---------
